 Dungeon Crawl Stone Soup version 0.29-a0-334-gb41bcbb86e (webtiles) character file.

Game seed: 3582194097843147521

6369 kevlar127 the Grappler (level 10, 0/102 HPs)
             Began as a Troll Berserker on Apr 14, 2022.
             Was a Believer of Trog.
             Slain by a fire elemental (9 damage)
             ... summoned by a deep elf pyromancer
             ... on level 7 of the Dungeon.
             The game lasted 01:29:05 (15134 turns).

kevlar127 the Grappler (Troll Berserker)           Turns: 15134, Time: 01:29:05

Health: 0/102      AC:  6    Str: 31    XL:     10   Next: 65%
Magic:  9/9        EV: 15    Int:  3    God:    Trog [**....]
Gold:   278        SH:  0    Dex:  9    Spells: 9/9 levels left

rFire   . . .      SeeInvis .     - Unarmed
rCold   + . .      Faith    .   (no shield)
rNeg    . . .      Spirit   .   d - +2 robe {rC+}
rPois   .          Reflect  .   x - +0 hat
rElec   .          Harm     .   (no cloak)
rCorr   .          Rampage  .   (gloves unavailable)
Will    ++...                   (boots unavailable)
Stlth   +.........              (no amulet)
HPRegen 2.07/turn               E - +4 ring of evasion
MPRegen 0.11/turn               (no ring)

@: strong-willed (expiring), on berserk cooldown, regenerating (expiring),
slowed, very slow
A: large, unfitting armour, claws 3, regeneration 1, shaggy fur 1, tough skin 1
a: Renounce Religion, Berserk, Trog's Hand


You were on level 7 of the Dungeon.
You worshipped Trog.
Trog was pleased with you.
You visited 2 branches of the dungeon, and saw 9 of its levels.

You collected 278 gold pieces.

Inventory:

Hand Weapons
 a - a +4 long sword of electrocution
 n - a +0 quarterstaff
 y - a +4 halberd of freezing
Missiles
 e - 66 stones
 g - 4 poisoned darts
 u - 6 boomerangs (quivered)
Armour
 d - a +2 robe of cold resistance (worn)
 k - +0 steam dragon scales
 x - a +0 hat (worn)
Jewellery
 E - a +4 ring of evasion (left claw)
Scrolls
 f - a scroll of fog {unknown}
 i - 2 scrolls of identify
 j - 3 scrolls of enchant armour {unknown}
 l - a scroll of torment {unknown}
 q - a scroll of silence {unknown}
 r - a scroll of amnesia {unknown}
 s - 2 scrolls of teleportation {unknown}
 v - 6 scrolls of magic mapping
 w - a scroll of fear {unknown}
 A - a scroll of noise {unknown}
 B - a scroll of blinking {unknown}
 G - a scroll of immolation
 H - a scroll of enchant weapon {unknown}
Potions
 b - 4 potions of haste
 c - 2 potions of attraction
 h - a potion of magic {unknown}
 m - 2 potions of heal wounds
 o - a potion of ambrosia {unknown}
 p - a potion of flight {unknown}
 t - 3 potions of curing
 z - a potion of brilliance
 C - a potion of cancellation
 D - a potion of berserk rage
 F - a potion of might {unknown}


   Skills:
 + Level 7.4 Fighting
 + Level 6.8 Throwing
 + Level 7.4 Dodging
 + Level 8.9 Unarmed Combat


You had 9 spell levels left.
You didn't know any spells.
Your spell library contained the following spells:

 Spells                   Type           Power      Damage    Failure   Level
 Foxfire                  Conj/Fire      0%         2x1d4     52%         1
 Conjure Flame            Conj/Fire      0%         6-21      88%         3
 Inner Flame              Hex/Fire       0%         N/A       88%         3
 Flame Wave               Conj/Fire      0%         2d4       99%         4


Dungeon Overview and Level Annotations

Branches:
Dungeon (8/15)             Temple (1/1) D:5
   Lair: D:8-11

Altars:
Ashenzari
Cheibriados
Dithmenos
Elyvilon
Fedhas
Gozag
Hepliaklqana
Kikubaaqudgha
Makhleb
Nemelex Xobeh
Okawaru
Qazlal
Ru
Sif Muna
Trog
Uskayaw
Vehumet
Wu Jian
Xom
Yredelemnul
The Shining One


Innate Abilities, Weirdness & Mutations

You are too large for most types of armour.
You have claws for hands.
Your natural rate of healing is unusually fast.
You are covered in fur. (AC +1)
You have tough skin. (AC +1)


Message History

You closely miss the deep elf pyromancer.
The deep elf pyromancer is moderately wounded.
You are covered in liquid flames!
You are no longer on fire.
The deep elf pyromancer casts a spell.
The deep elf pyromancer blinks!
Things that are here:
6 large rocks; 13 gold pieces
Items here: ) [ ††.
Throw: 6 boomerangs
Press: ? - help, Q - select action, (/) - cycle Shift-Dir - straight line, p - deep elf pyromancer You throw a boomerang.
The boomerang hits the deep elf pyromancer!
The deep elf pyromancer is heavily wounded.
Your skin crawls.
You feel strong-willed.
The deep elf pyromancer points at you and mumbles some strange words.
The sticky flame hits you!
You are covered in liquid flames!
You are covered in liquid flames!
The deep elf pyromancer casts a spell.
Throw: 6 boomerangs
Press: ? - help, Q - select action, (/) - cycle Shift-Dir - straight line, f - fire elemental
Aim: a fire elemental (summoned, 55% to hit)
Okay, then.
You are too injured to fight recklessly!
You are too injured to fight recklessly!
You are too injured to fight recklessly!
You are covered in liquid flames!
* * * LOW HITPOINT WARNING * * *
You are no longer on fire.
You feel the effects of Trog's Hand fading.
The deep elf pyromancer gestures at you while chanting.
The bolt of fire hits the fire elemental.
The fire elemental completely resists.
The bolt of fire misses you. The bolt of fire hits you!!
* * * LOW HITPOINT WARNING * * *
Items here: ) [ ††.
The fire elemental hits you. The fire elemental burns you!
You die...

#. ###. #####|| #######)...
###E○°eE.[88= #..
###.@######|:.) #..#
###...## #####)| #...
###...#.# .# ###. #..#
###...#.#.# #..# #. #..#
#...#.#.#.# #..## #..#
###...#.#.# #..####..#
#####...#.# ###).##...
#..####..)## ###..##)#..#
#....####..#####..####.#..#


You could see a deep elf pyromancer and 2 fire elementals.

Vanquished Creatures
  A two-headed ogre (D:6)
  An ugly thing (D:7)
  2 cyclopes (D:7)
  Grinder (D:5)
  A hornet (D:7)
  A shadow (D:7)
  The ghost of seaofthunder the Skirmisher, an amateur HOFi (D:6)
  A wyvern (D:6)
  A wraith (D:7)
  A steam dragon (D:7)
  An ice beast (D:7)
  2 sky beasts
  3 black bears
  2 ogres
  2 orc warriors (D:7)
  2 centaurs (D:7)
  A phantom (D:5)
  2 bullfrogs (D:7)
  4 scorpions
  2 necrophages
  A gnoll sergeant (D:7)
  9 wights
  8 killer bees (D:7)
  A howler monkey (D:6)
  3 hounds
  2 orc priests (D:6)
  4 jellies
  A gnoll shaman (D:7)
  5 iguanas
  7 orc wizards
  12 gnolls
  9 adders
  A shadow imp (D:5)
  4 white imps
  2 ufetubi
  3 dart slugs
  28 orcs
  4 ball pythons
  7 endoplasms
  3 giant cockroaches
  4 goblins
  4 hobgoblins
  7 jackals (D:1)
  12 kobolds
  6 quokkas
  7 bats
  2 frilled lizards
  6 rats
194 creatures vanquished.

Vanquished Creatures (others)
  A fungus (D:1)
  4 plants (D:1)
5 creatures vanquished.

Grand Total: 199 creatures vanquished

Notes
Turn   | Place    | Note
-------+----------+-------------------------------------------
     0 | D:1      | kevlar127 the Troll Berserker began the quest for the Orb.
     0 | D:1      | Reached XP level 1. HP: 22/22 MP: 0/0
   508 | D:1      | Reached XP level 2. HP: 24/29 MP: 1/1
  1668 | D:1      | Reached XP level 3. HP: 36/36 MP: 2/2
  1699 | D:1      | Found a faded altar of an unknown god.
  2659 | D:2      | Identified the +2 robe of Reason {MP+9}
  2698 | D:2      | You fall into a shaft and drop 1 floor!
  2767 | D:3      | Reached XP level 4. HP: 44/45 MP: 3/3
  2811 | D:3      | Reached skill level 4 in Unarmed Combat
  3069 | D:2      | Reached XP level 5. HP: 53/53 MP: 4/4
  4673 | D:3      | Reached ** piety under Trog
  6048 | D:4      | Noticed an ogre
  6058 | D:4      | Killed an ogre
  6059 | D:4      | Reached skill level 1 in Throwing
  6059 | D:4      | Reached XP level 6. HP: 62/62 MP: 5/5
  6267 | D:4      | Reached skill level 5 in Unarmed Combat
  6276 | D:4      | Reached XP level 7. HP: 70/70 MP: 6/6
  6424 | D:4      | You fall into a shaft and drop 3 floors!
  6691 | D:7      | Noticed a wyvern
  7747 | D:5      | Entered Level 5 of the Dungeon
  8390 | D:5      | Reached XP level 8. HP: 68/79 MP: 7/7
  8532 | D:5      | Noticed Grinder
  8533 | D:5      | Paralysed by Grinder for 6 turns
  8542 | D:5      | Paralysed by Grinder for 3 turns
  8549 | D:5      | Killed Grinder
  8550 | D:5      | Reached skill level 6 in Unarmed Combat
  8553 | D:5      | Reached skill level 5 in Fighting
  8553 | D:5      | Reached skill level 5 in Dodging
 10431 | D:5      | Found a staircase to the Ecumenical Temple.
 10440 | Temple   | Entered the Ecumenical Temple
 11299 | D:6      | Found a runed translucent door.
 11302 | D:6      | Noticed seaofthunder's ghost (amateur HOFi)
 11302 | D:6      | Noticed a two-headed ogre
 11309 | D:6      | Killed a two-headed ogre
 11310 | D:6      | Reached skill level 7 in Unarmed Combat
 11310 | D:6      | Reached XP level 9. HP: 89/89 MP: 8/8
 11312 | D:6      | Killed seaofthunder's ghost
 11313 | D:6      | Reached skill level 5 in Throwing
 13070 | D:7      | Reached skill level 8 in Unarmed Combat
 13107 | D:7      | Reached XP level 10. HP: 95/100 MP: 9/9
 15093 | D:7      | Noticed a cyclops
 15093 | D:7      | Noticed a cyan ugly thing
 15094 | D:7      | Noticed a deep elf pyromancer
 15096 | D:7      | Noticed a cyclops
 15108 | D:7      | Killed a cyan ugly thing
 15114 | D:7      | Killed a cyclops
 15119 | D:7      | Killed a cyclops
 15134 | D:7      | Slain by a fire elemental

Illustrated notes

Levels and vault maps discovered:
D:1:      wander_arrival_fairy_ring, layout_basic,
          chequers_ecumenical_altar_simple_redux
D:2:      layout_basic
D:3:      layout_loops_cross, minivault_19
D:4:      layout_cave_pools
D:5:      layout_rooms, minmay_temple_entry_antechambers, uniq_grinder
D:6:      layout_gridville, ebering_ghost_inner_flame, corexii_corridor_pit
D:7:      minmay_the_grid_triangle_9x9_rhombus_full
          [minmay_the_grid_triangle_9x9_skeleton,
          minmay_the_grid_triangle_9x9_wacky_v,
          minmay_the_grid_triangle_9x9_corruption,
          minmay_the_grid_triangle_9x9_dagger,
          minmay_the_grid_triangle_9x9_negative_grid,
          minmay_the_grid_triangle_9x9_steps,
          minmay_the_grid_triangle_9x9_thin_v,
          minmay_the_grid_triangle_9x9_prize_insulated], layout_rooms
D:8:      layout_basic, mainiacjoe_overflow_six_doors_small,
          minmay_lair_entry_grove, chequers_mini_garden, chequers_avenue,
          uniq_psyche, uniq_pikel, uniq_gastronok, uniq_amaemon,
          uniq_prince_ribbit1
Temple:   mainiacjoe_temple_starburst

Skill      XL: |  1  2  3  4  5  6  7  8  9 10 |
---------------+-------------------------------+-----
Fighting       | 3 4 5 6 7 |  7.4
Dodging        | 3 4 5 6 7 |  7.4
Unarmed Combat | 4 5 7 8 |  8.9
Throwing       | 1 3 4 5 6 |  6.8

Action                   |  1- 3 |  4- 6 |  7- 9 | 10-12 || total
-------------------------+-------+-------+-------+-------++-------
Melee: Unarmed           |   106 |   112 |   183 |    86 ||   487
       Punch             |     1 |     2 |     4 |     1 ||     8
Throw: Stone             |     1 |       |       |       ||     1
       Boomerang         |       |     5 |    91 |    23 ||   119
Invok: Berserk           |     5 |     8 |    14 |     3 ||    30
       Trog's Hand       |       |       |     1 |     1 ||     2
  Use: Scroll            |       |       |     8 |       ||     8
Armor: Robe              |    48 |    50 |    48 |    16 ||   162
       Animal skin       |     2 |       |       |       ||     2
Dodge: Dodged            |    58 |    52 |   112 |    46 ||   268

Table legend: (Time is in decaauts)
 A = Elapsed time spent in this place.
 B = Non-inter-level travel time spent in this place.
 C = Inter-level travel time spent in this place.
 D = Time resting spent in this place.
 E = Time spent auto-exploring this place.
 F = Levels seen in this place.
 G = Mean time per level.
                   A        B        C        D        E       F      G
               +--------+--------+--------+--------+--------+-----+--------+
         Total |  15363 |  15168 |    195 |   9884 |   3636 |   9 | 1707.0 |
       Dungeon |  14750 |  14609 |    141 |   9884 |   3092 |   8 | 1843.8 |
        Temple |    612 |    558 |     54 |      0 |    544 |   1 |  612.0 |
               +--------+--------+--------+--------+--------+-----+--------+

Top non-repeatable levels by time:
     D:7: 2741 daAuts
     D:6: 2700 daAuts
     D:1: 2242 daAuts
     D:5: 2184 daAuts
     D:3: 1722 daAuts
     D:4: 1641 daAuts
     D:2: 1514 daAuts
  Temple: 612 daAuts
     D:8: 4 daAuts
